 Dungeon Crawl Stone Soup version 0.20-a0-839-gdaf5c57 (webtiles) character file.

35708 4thArraOfDagon the Carver (level 13, -4/101 HPs)
             Began as a Vampire Gladiator on Mar 8, 2017.
             Was a Priest of Ashenzari.
             Slain by a two-headed ogre
             ... wielding a +0 giant club
              (14 damage)
             ... on level 15 of the Dungeon.
             The game lasted 00:41:22 (7505 turns).

4thArraOfDagon the Carver (Vampire Gladiator)       Turns: 7505, Time: 00:41:23

Health: -4/101     AC: 18    Str: 12 (13) XL:     13   Next: 49%
Magic:  18/18      EV: 13    Int: 14 (16) God:    Ashenzari [***...]
Gold:   629        SH:  0    Dex: 14 (15) Spells: 17/19 levels left

rFire    + + .     SeeInvis +   P - +9 scimitar (flame)
rCold    . . .     Gourm    .   J - +2 chain mail {rF+}
rNeg     . . .     Faith    .   (no shield)
rPois    .         Spirit   .   c - +0 helmet
rElec    .         Reflect  .   (no cloak)
rCorr    .         Harm     .   f - +0 pair of gloves
MR       ++...                  b - +1 pair of boots (curse)
Stlth    ..........             s - amulet of regeneration
Regen    0.9/turn               Q - ring of protection from fire
MPRegen  0.2/turn               p - +3 ring of evasion

@: very slightly contaminated, regenerating quickly, hasted, very quick
A: fangs 3, see invisible, deterioration 1, magic resistance 1, unbreathing
a: Curse Item, Scrying, Renounce Religion


You were on level 15 of the Dungeon.
You worshipped Ashenzari.
Ashenzari was most pleased with you.
You were almost alive.

You visited 2 branches of the dungeon, and saw 16 of its levels.

You collected 629 gold pieces.

Inventory:

Hand Weapons
 a - a +0 long sword
 h - a +2 falchion of draining
 u - a +0 spear of venom
 A - a cursed +0 great sword
 O - a +0 scimitar
 P - a +9 scimitar of flaming (weapon)
Armour
 b - a cursed +1 pair of boots (worn)
 c - a +0 helmet (worn)
 f - a +0 pair of gloves (worn)
 q - a +1 chain mail of magic resistance
 C - a +2 ring mail of cold resistance
 J - a +2 chain mail of fire resistance (worn)
Jewellery
 p - a +3 ring of evasion (left hand)
 s - an amulet of regeneration (around neck)
 t - an uncursed ring of poison resistance
 E - an uncursed ring of wizardry
 Q - a ring of protection from fire (right hand)
Wands
 F - a wand of acid (5/15)
 I - a wand of flame (19/48)
 N - a wand of iceblast (0/15)
 R - a wand of lightning (1/15)
Scrolls
 g - 2 scrolls of amnesia {unknown}
 j - a scroll of immolation {unknown}
 l - a scroll of random uselessness {unknown}
 o - a scroll of recharging {unknown}
 x - a scroll of fog {unknown}
 y - 2 scrolls of fear {unknown}
 z - 5 scrolls of enchant armour
 D - a scroll of blinking {unknown}
 M - a scroll of summoning {unknown}
 S - 2 scrolls of magic mapping {unknown}
Potions
 e - 19 potions of blood
 i - a potion of invisibility
 k - 2 potions of cancellation
 m - a potion of brilliance
 r - a potion of ambrosia
 v - a potion of haste
 w - a potion of curing
 B - 4 potions of lignification
 G - 2 potions of flight
Miscellaneous
 K - a lightning rod (1/4)
 L - a lamp of fire


   Skills:
 + Level 9.1 Fighting
 * Level 14.0 Long Blades
 - Level 1.5 Throwing
 + Level 8.1 Armour
 + Level 11.1 Dodging
 + Level 3.7 Spellcasting
 * Level 5.0 Translocations
 + Level 3.7 Evocations


You had 17 spell levels left.
You knew the following spells:

 Your Spells              Type           Power        Failure   Level  Hunger
a - Blink                 Tloc           N/A          91%         2    ##.....


Dungeon Overview and Level Annotations

Branches:
Dungeon (15/15)            Temple (0/1) D:6          Depths (1/5) D:15
   Lair: D:8-11         Orc: D:9-12      Vaults: D:13-14

Altars:
Ashenzari
Cheibriados
Dithmenos
Hepliaklqana
Kikubaaqudgha
Makhleb
Nemelex Xobeh
Okawaru
Uskayaw
Vehumet
Wu Jian
Xom
Yredelemnul


Innate Abilities, Weirdness & Mutations

Your natural rate of healing is unusually fast.
You have razor-sharp teeth.
You have supernaturally acute eyesight. (SInv)
You can survive without breathing.
Your body sometimes deteriorates upon taking damage.
You are resistant to hostile enchantments. (MR+)


Message History

The two-headed ogre is lightly wounded.
You hit the two-headed ogre. You burn the two-headed ogre.
You bite the two-headed ogre.
The two-headed ogre is moderately wounded.
The two-headed ogre closely misses you.
You riposte.
Your chain mail prevents you from hitting the two-headed ogre.
The two-headed ogre is moderately wounded.
The two-headed ogre hits you but does no damage.
You feel as though your hastened speed will last longer.
You feel better.
The two-headed ogre hits you with a giant club!
* * * LOW HITPOINT WARNING * * *
The two-headed ogre hits you but does no damage.
Unknown command.
Unknown command.
Found 20 gold pieces.
You see here a lamp of fire.
Unknown command.
The two-headed ogre hits you with a giant club!
You die...

.....<..'## ≈ ≈ *
#...O.O'#.##.. %§§§§*
.#....'#.#'...,..§§##
.#...)#.#'..# #.$≈≈*
.§.§##.#'...# ..[≈##
§§§§###'.....#*#.?§≈#
####§#*.....).##./≈##
#####§..##.:.....!≈≈#
...# ≈$.# #C..#.@.≈##
<..# ≈(... #.###O}≈≈#
.>.# ≈ .#.##..##.)§##
<..#* ,........C.)≈§#
...#*≈ [[..[)(%:})≈##
...# ≈§≈≈≈≈≈≈≈≈≈≈##
...#**≈ ≈#≈#≈#≈#≈##
#..# # ####### ####


You could see a fire giant and a two-headed ogre.

Vanquished Creatures
  A fire dragon (D:15)
  A yaktaur captain (D:15)
  2 hydras (D:15)
  2 centaur warriors
  5 two-headed ogres
  A tengu warrior (D:15)
  3 unseen horrors
  A wizard (D:15)
  2 orc knights (D:15)
  4 wolf spiders (D:15)
  Pikel (D:6)
  A necromancer (D:15)
  A deep elf mage (D:15)
  7 ugly things
  A faun (shapeshifter) (D:15)
  4 cyclopes (D:15)
  A manticore (shapeshifter) (D:15)
  Joseph (D:10)
  A rime drake (shapeshifter) (D:14)
  3 freezing wraiths (D:15)
  2 komodo dragons
  An efreet (D:15)
  2 trolls (D:13)
  2 hornets
  5 slime creatures
  2 hippogriffs
  A harpy skeleton (D:15)
  Sigmund (D:2)
  A redback (D:13)
  4 shadows
  A vampire (D:15)
  A tarantella (shapeshifter) (D:15)
  4 wraiths
  12 yaks
  6 wyverns
  A basilisk (D:15)
  4 hungry ghosts
  A golden eye (shapeshifter) (D:15)
  A vampire mosquito (D:15)
  2 acid dragons (D:15)
  2 water moccasins
  3 soldier ants
  5 orc warriors
  4 porcupines (D:10)
  3 phantoms
  2 ice beasts
  4 black bears
  5 sky beasts
  A boggart (D:15)
  An eye of draining (D:12)
  6 ogres
  14 centaurs
  A big kobold (D:15)
  8 bullfrogs
  A scorpion (D:5)
  5 wights (D:15)
  5 killer bees (D:9)
  5 crimson imps
  A quasit (D:9)
  A jelly (D:5)
  5 orc priests
  The ghost of 4thArraOfDagon the Digger, a weakling FeEE (D:3)
  A bullfrog skeleton (D:9)
  5 centaur skeletons
  5 hounds
  5 orc wizards
  3 iguanas
  7 worker ants
  2 hound zombies
  A hound skeleton (D:4)
  5 gnolls
  11 adders
  4 shadow imps
  3 oozes
  A worm (D:4)
  A dart slug (D:2)
  3 leopard geckos
  25 orcs
  4 giant cockroaches
  4 goblins
  4 hobgoblins
  5 jackals
  5 quokkas
  3 bats
  3 frilled lizards
  A jackal skeleton (D:4)
  A jackal zombie (D:5)
  11 kobolds
  A leopard gecko zombie (D:6)
  5 rats (D:2)
309 creatures vanquished.

Vanquished Creatures (others)
  2 fungi (D:15)
2 creatures vanquished.

Grand Total: 311 creatures vanquished

Notes
Turn   | Place    | Note
-------+----------+-------------------------------------------
     0 | D:1      | 4thArraOfDagon the Vampire Gladiator began the quest for the Orb.
     0 | D:1      | Reached XP level 1. HP: 16/16 MP: 1/1
   144 | D:2      | Found a shattered altar of Ashenzari.
   149 | D:2      | Reached XP level 2. HP: 15/22 MP: 2/2
   155 | D:2      | Became a worshipper of Ashenzari the Shackled
   302 | D:2      | Noticed Sigmund
   312 | D:2      | Killed Sigmund
   312 | D:2      | Reached skill level 4 in Long Blades
   312 | D:2      | Reached XP level 3. HP: 16/29 MP: 3/3
   312 | D:2      | Reached XP level 4. HP: 19/35 MP: 4/4
   312 | D:2      | Reached XP level 5. HP: 22/41 MP: 5/5
   372 | D:2      | Reached skill level 5 in Long Blades
   481 | D:3      | Noticed 4thArraOfDagon's ghost (weakling FeEE)
   711 | D:4      | Reached XP level 6. HP: 47/47 MP: 6/6
   932 | D:4      | Reached * piety under Ashenzari
   980 | D:4      | Reached skill level 1 in Armour
   993 | D:4      | Reached skill level 6 in Long Blades
   993 | D:4      | Reached XP level 7. HP: 34/53 MP: 7/7
  1013 | D:4      | Reached skill level 5 in Dodging
  1139 | D:3      | Killed 4thArraOfDagon's ghost
  1180 | D:5      | Entered Level 5 of the Dungeon
  1506 | D:5      | Found a hide-covered altar of Uskayaw.
  1621 | D:6      | Reached skill level 7 in Long Blades
  1621 | D:6      | Reached XP level 8. HP: 48/60 MP: 8/8
  1659 | D:6      | Noticed a two-headed ogre
  1678 | D:6      | Killed a two-headed ogre
  1678 | D:6      | Reached skill level 5 in Fighting
  1678 | D:6      | Reached skill level 8 in Long Blades
  1730 | D:6      | Found a staircase to the Ecumenical Temple.
  1765 | D:6      | Reached XP level 9. HP: 50/68 MP: 9/9
  1837 | D:6      | Reached ** piety under Ashenzari
  1843 | D:6      | Found a shattered altar of Ashenzari.
  1913 | D:6      | Noticed Pikel
  1942 | D:6      | Killed Pikel
  1942 | D:6      | Reached skill level 9 in Long Blades
  2087 | D:7      | Noticed a two-headed ogre
  2109 | D:7      | Killed a two-headed ogre
  2129 | D:7      | Found an iron altar of Okawaru.
  2635 | D:7      | Reached XP level 10. HP: 60/76 MP: 10/10
  2688 | D:8      | Reached skill level 10 in Long Blades
  3040 | D:9      | Reached skill level 5 in Armour
  3295 | D:9      | Found a sparkling altar of Nemelex Xobeh.
  3306 | D:9      | Found a radiant altar of Vehumet.
  3307 | D:9      | Found a hazy altar of Hepliaklqana.
  3308 | D:9      | Found an ancient bone altar of Kikubaaqudgha.
  3308 | D:9      | Found a basalt altar of Yredelemnul.
  3308 | D:9      | Found a burning altar of Makhleb.
  3308 | D:9      | Found an ornate altar of the Wu Jian Council.
  3384 | D:10     | Entered Level 10 of the Dungeon
  3523 | D:10     | Noticed Joseph
  3553 | D:10     | Killed Joseph
  3615 | D:10     | Found a shadowy altar of Dithmenos.
  3633 | D:10     | Reached skill level 11 in Long Blades
  3662 | D:10     | Noticed a two-headed ogre
  3691 | D:10     | Killed a two-headed ogre
  3838 | D:11     | Reached XP level 11. HP: 84/84 MP: 11/11
  3988 | D:14     | Noticed a two-headed ogre
  4001 | D:14     | Killed a two-headed ogre
  4140 | D:13     | Gained mutation: Your magical capacity is low. (-10% MP) [potion of mutation]
  4140 | D:13     | Gained mutation: You are resistant to hostile enchantments. (MR+) [potion of mutation]
  4140 | D:13     | Gained mutation: You are clumsy. (Dex -2) [potion of mutation]
  4140 | D:13     | Gained mutation: You are partially covered in molten scales. (AC +2) [potion of mutation]
  4141 | D:13     | Lost mutation: Your magical capacity is low. (-10% MP) [potion of mutation]
  4141 | D:13     | Lost mutation: You are clumsy. (Dex -2) [potion of mutation]
  4141 | D:13     | Lost mutation: You are resistant to hostile enchantments. (MR+) [potion of mutation]
  4141 | D:13     | Lost mutation: You are partially covered in molten scales. (AC +2) [potion of mutation]
  4141 | D:13     | Gained mutation: Your body sometimes deteriorates upon taking damage. [potion of mutation]
  4141 | D:13     | Gained mutation: You are resistant to hostile enchantments. (MR+) [potion of mutation]
  4155 | D:13     | Noticed a two-headed ogre
  4157 | D:13     | Noticed a centaur warrior
  4179 | D:13     | Killed a centaur warrior
  4191 | D:13     | Killed a two-headed ogre
  4191 | D:13     | Reached skill level 12 in Long Blades
  4227 | D:13     | Reached *** piety under Ashenzari
  4301 | D:13     | Noticed a brown ugly thing
  4328 | D:13     | Killed a brown ugly thing
  4533 | D:12     | Noticed an unseen horror
  4552 | D:12     | Killed an unseen horror
  4604 | D:12     | Learned a level 2 spell: Blink
  4623 | D:12     | Reached skill level 10 in Dodging
  5080 | D:15     | Entered Level 15 of the Dungeon
  5154 | D:14     | Reached XP level 12. HP: 92/94 MP: 12/12
  5503 | D:15     | Reached skill level 1 in Evocations
  5661 | D:15     | Reached skill level 1 in Translocations
  5701 | D:15     | Reached skill level 1 in Spellcasting
  5710 | D:15     | Reached skill level 13 in Long Blades
  5764 | D:15     | Noticed a five-headed hydra
  5906 | D:15     | Found a staircase to the Depths.
  5920 | Depths:1 | Entered Level 1 of the Depths
  6159 | D:15     | Noticed a fire dragon
  6214 | D:15     | Killed a fire dragon
  6334 | D:15     | Killed a one-headed hydra
  6340 | D:15     | Found a shimmering altar of Xom.
  6341 | D:15     | Found a snail-covered altar of Cheibriados.
  6341 | D:15     | Found an ancient bone altar of Kikubaaqudgha.
  6471 | D:15     | Noticed a four-headed hydra
  6480 | D:15     | Killed a one-headed hydra
  6505 | D:15     | Noticed a centaur warrior
  6523 | D:15     | Killed a centaur warrior
  6636 | D:15     | Reached XP level 13. HP: 89/100 MP: 17/17
  7232 | D:15     | Noticed a fire giant
  7399 | D:15     | Reached skill level 14 in Long Blades
  7481 | D:15     | Reached skill level 5 in Translocations
  7505 | D:15     | Slain by a two-headed ogre

Vault maps used:
D:1:      roderic_crossed_star, minmay_hedge_maze, grunt_decor_mini_mirrors,
          minmay_pentomino_v2
D:2:      lemuel_round_altar, first_bread, corexii_corridor_pit, uniq_sigmund
D:5:      eat_drink_and_be_merry_uskayaw
D:6:      temple_pool_b, grunt_ministairs_6, st_stairs_11, ashenzari_altar_1,
          uniq_pikel
D:7:      kennysheep_kobold_camp, kennysheep_okawaru_gauntlet, grunt_ogre_cave,
          minmay_small_thing
D:8:      uniq_maurice
D:9:      minitemple
D:10:     grunt_lair_entry_orc_guard_hut, grunt_dithmenos_shadows, uniq_joseph
D:11:     minmay_misc_feat_ornament
D:12:     erik_orc_2
D:13:     lightli_vaults_fourway_checkpoint, kb_rosetta
D:14:     minmay_holes
D:15:     hangedman_slaughterboxes
Depths:1: minmay_octagon_city, hell_entry, hangedman_abyss_or_decor_passed,
          minivault_14, minmay_misc_feat_x, grunt_ministairs_2,
          kennysheep_treasure_room

Skill      XL: |  1  2  3  4  5  6  7  8  9 10 11 12 13 |
---------------+----------------------------------------+-----
Fighting       | 2 3 4 5 6 7 8 9 |  9.1
Long Blades    | 4 5 6 7 8 9 11 12 13 14 | 14.0
Dodging        | 4 5 6 7 8 10 11 | 11.1
Armour         | 1 2 3 4 5 7 8 |  8.1
Evocations     | 3 |  3.7
Translocations | 3 5 |  5.0
Spellcasting   | 2 3 |  3.7
Throwing       | |  1.5

Action                   |  1- 3 |  4- 6 |  7- 9 | 10-12 | 13-15 || total
-------------------------+-------+-------+-------+-------+-------++-------
Melee: Falchion          |    28 |   110 |   353 |   902 |       ||  1393
       Bite              |     4 |    16 |    54 |   141 |    19 ||   234
       Spear             |       |       |     7 |       |       ||     7
       Scimitar          |       |       |       |   119 |   160 ||   279
Throw: Throwing net      |     1 |     1 |     3 |     3 |     1 ||     9
 Cast: Blink             |       |       |       |     1 |       ||     1
Evoke: Wand              |       |       |       |     4 |       ||     4
       Lightning rod     |       |       |       |     3 |       ||     3
  Use: Potion            |       |       |     1 |    15 |     8 ||    24
       Scroll            |       |       |       |    17 |     5 ||    22
 Stab: Sleeping          |       |     1 |       |       |       ||     1
       Held in net/web   |       |       |       |     2 |       ||     2
       Invisible         |       |       |       |    10 |       ||    10
  Eat: Corpse            |     6 |     3 |     7 |    12 |     2 ||    30
Armor: Leather armour    |     3 |    12 |       |       |       ||    15
       Chain mail        |       |    24 |   147 |    38 |    13 ||   222
       Ring mail         |       |       |     7 |   167 |    27 ||   201
       Skin              |       |       |       |    24 |       ||    24
Dodge: Dodged            |    12 |    60 |   197 |   626 |   103 ||   998
       Rpst.: Falchion   |     4 |    19 |    65 |   161 |       ||   249
       Scimitar          |       |       |       |    15 |    25 ||    40
